 Dungeon Crawl Stone Soup version 0.29.0-4-gdea44cf6ec (webtiles) character file.

Game seed: 9843536403270619184

20354 Persephone the Impaler (level 12, -71/174 HPs)
             Began as a Minotaur Berserker on Aug 27, 2022.
             Was an Elder of Trog.
             Annihilated by an enormous slime creature (75 damage)
             ... on level 12 of the Dungeon.
             The game lasted 00:24:02 (9531 turns).

Persephone the Impaler (Minotaur Berserker)         Turns: 9531, Time: 00:24:02

Health: -71/174    AC: 13    Str: 33    XL:     12   Next: 44%
Magic:  11/11      EV: 13    Int:  6    God:    Trog [****..]
Gold:   647        SH:  0    Dex: 10    Spells: 11/11 levels left

rFire   + . .      SeeInvis .   z - +0 halberd
rCold   . . .      Faith    .   (shield currently unavailable)
rNeg    . . .      Spirit   .   G - +0 troll leather armour
rPois   .          Reflect  .   (helmet restricted)
rElec   .          Harm     .   (no cloak)
rCorr   .          Rampage  .   p - +2 pair of gloves
Will    +....                   a - +2 pair of boots
Stlth   ..........              m - amulet of regeneration
HPRegen 2.79/turn               w - +6 ring of strength
MPRegen 0.12/turn               E - ring "Widghex" {rF+ Will+ Int+2 Slay+2}

@: berserking, very quick
A: horns 2, retaliatory headbutt, sense surroundings 1, regeneration 1, wild
magic 1
a: Renounce Religion, Berserk, Trog's Hand, Brothers in Arms


You were on level 12 of the Dungeon.
You worshipped Trog.
Trog was greatly pleased with you.
You visited 1 branch of the dungeon, and saw 12 of its levels.
You also visited: Bailey.

You collected 647 gold pieces.

Inventory:

Hand Weapons
 z - a +0 halberd (weapon)
 A - a +0 glaive
 F - a +0 trident
Missiles
 j - a throwing net
 t - 7 boomerangs
Armour
 a - a +2 pair of boots (worn)
 p - a +2 pair of gloves (worn)
 G - a +0 troll leather armour (worn)
 L - the +1 chain mail of Mordant Amelioration {rN+ Int+3 Dex+4}
   (You found it on level 11 of the Dungeon)

   Int:       It affects your intelligence (+3).
   Dex:       It affects your dexterity (+4).
   rN:        It protects you from negative energy.
Jewellery
 g - a ring of fire
 m - an amulet of regeneration (around neck)
 n - an amulet of faith
 w - a +6 ring of strength (left hand)
 E - the ring "Widghex" (right hand) {rF+ Will+ Int+2 Slay+2}
   (You acquired it in a bailey)

   [ring of willpower]

   Int:       It affects your intelligence (+2).
   Slay:      It affects your accuracy & damage with ranged weapons and melee
   (+2).
   rF:        It protects you from fire.
   Will:      It increases your willpower.
 J - a ring of see invisible
 M - an amulet of magic regeneration
Wands
 d - a wand of charming (14)
 x - a wand of roots (7)
 K - a wand of flame (16)
Scrolls
 b - 2 scrolls of fear
 c - 3 scrolls of vulnerability
 e - 2 scrolls of enchant armour
 f - 3 scrolls of summoning
 o - 2 scrolls of blinking
 q - 4 scrolls of enchant weapon
 u - 8 scrolls of teleportation
 y - 2 scrolls of butterflies
 H - 3 scrolls of magic mapping
Potions
 h - 2 potions of flight
 i - a potion of haste
 k - 3 potions of curing
 l - 4 potions of attraction
 r - 5 potions of degeneration
 s - 3 potions of lignification
 v - 3 potions of invisibility
 B - 2 potions of might
 C - 2 potions of cancellation
 D - 4 potions of magic
 I - 2 potions of brilliance {unknown}
 N - a potion of heal wounds


   Skills:
 + Level 13.6 Fighting
 + Level 18.2 Polearms
 + Level 13.4 Armour
 + Level 6.6 Dodging


You had 11 spell levels left.
You didn't know any spells.
Your spell library was empty.

Dungeon Overview and Level Annotations

Branches:
Dungeon (12/15)            Temple (0/1) D:4            Lair (0/5) D:10
    Orc (0/2) D:12         Bailey (visited)

Altars:
Kikubaaqudgha
Nemelex Xobeh
Uskayaw
Yredelemnul


Innate Abilities, Weirdness & Mutations

You have a pair of horns on your head.
You reflexively headbutt those who attack you in melee.
You passively map a small area around you.
Your natural rate of healing is unusually fast.
Your spells are a little harder to cast, but a little more powerful.


Message History

Two slime creatures merge to form a large slime creature.
You puncture the enormous slime creature!
The enormous slime creature is severely wounded.
The enormous slime creature hits you!!
You slice the enormous slime creature!!
Your headbutt misses the enormous slime creature.
The enormous slime creature is severely wounded.
You hit the enormous slime creature.
The enormous slime creature is almost dead.
The enormous slime creature barely misses you.
You completely miss the enormous slime creature.
The enormous slime creature is almost dead.
The enormous slime creature hits you!!!
Ouch! That really hurt!
* * * LOW HITPOINT WARNING * * *
You are too injured to fight recklessly!
You are too injured to fight recklessly!
You are too injured to fight recklessly!
You are too injured to fight recklessly!
You are too injured to fight recklessly!
You are too injured to fight recklessly!
You are too injured to fight recklessly!
You are too injured to fight recklessly!
You are too injured to fight recklessly!
You are too injured to fight recklessly!
You are too injured to fight recklessly!
You are too injured to fight recklessly!
You are too injured to fight recklessly!
You are too injured to fight recklessly!
You are too injured to fight recklessly!
You are too injured to fight recklessly!
You are too injured to fight recklessly!
You are too injured to fight recklessly!
You are too injured to fight recklessly!
You are too injured to fight recklessly!
You are too injured to fight recklessly!
A red film seems to cover your vision as you go berserk!
You feel yourself moving faster!
You feel mighty!
The enormous slime creature hits you!!!!
You die...

###* *..
J# *
#######J#
#.....@#,
*
#.#####.#
#.# ##
#.# #.# *
* #.# * *
8 #.# * *
, , #.# ,
,* , ,
##.## * >
,


You could see an enormous slime creature and a large slime creature.

Vanquished Creatures
  Snorg (D:10)
  Erolcha (D:11)
  2 boulder beetles
  A hydra (D:8)
  2 two-headed ogres
  A centaur warrior (D:8)
  Erica (D:8)
  An orc knight (Bailey)
  An ugly thing (D:8)
  A manticore (D:11)
  2 cyclopes (D:8)
  A gargoyle (D:11)
  A kobold demonologist (D:8)
  An unseen horror (shapeshifter) (D:12)
  An unseen horror (D:11)
  3 trolls
  2 hornets
  Grinder (D:4)
  2 slime creatures (D:12)
  3 wyverns
  A vampire (D:11)
  2 wraiths (D:11)
  Eustachio (D:6)
  A basilisk (D:11)
  18 yaks
  3 steam dragons
  4 vampire mosquitoes (D:9)
  Edmund (D:4)
  4 acid dragons
  14 orc warriors
  3 sky beasts
  An ice beast (D:7)
  4 black bears
  An ogre (D:6)
  10 centaurs
  2 phantoms
  A kobold brigand (D:9)
  5 bullfrogs
  A necrophage (D:8)
  5 scorpions
  A gnoll sergeant (D:5)
  A wight (D:7)
  An electric eel (D:10)
  3 howler monkeys
  4 hounds
  3 jellies
  2 gnoll boudas (D:7)
  4 orc priests
  6 orc wizards
  5 adders
  8 gnolls
  4 shadow imps
  3 white imps
  5 ufetubi
  A worm (D:2)
  5 dart slugs
  45 orcs
  8 endoplasms
  3 giant cockroaches
  11 goblins
  5 hobgoblins
  13 kobolds
  5 quokkas
  5 ball pythons
  6 bats
  4 frilled lizards
  3 rats
275 creatures vanquished.

Vanquished Creatures (others)
  2 fungi
  4 plants (D:10)
6 creatures vanquished.

Grand Total: 281 creatures vanquished

Notes
Turn   | Place    | Note
-------+----------+-------------------------------------------
     0 | D:1      | Persephone the Minotaur Berserker began the quest for the
                  | Orb.
     0 | D:1      | Reached XP level 1. HP: 19/19 MP: 0/0
    55 | D:1      | Found a faded altar of an unknown god.
    61 | D:1      | Reached skill level 4 in Polearms
   140 | D:1      | Reached XP level 2. HP: 25/26 MP: 1/1
   554 | D:1      | Reached skill level 5 in Polearms
   766 | D:2      | Reached XP level 3. HP: 25/31 MP: 2/2
   864 | D:2      | You fall into a shaft and drop 2 floors!
   991 | D:4      | Found a staircase to the Ecumenical Temple.
  1036 | D:4      | Reached ** piety under Trog
  1037 | D:4      | Reached skill level 6 in Polearms
  1037 | D:4      | Reached XP level 4. HP: 39/39 MP: 3/3
  1995 | D:3      | Reached skill level 7 in Polearms
  1995 | D:3      | Reached XP level 5. HP: 24/45 MP: 4/4
  2647 | D:4      | Noticed Edmund
  2665 | D:4      | Killed Edmund
  2666 | D:4      | Reached skill level 8 in Polearms
  2666 | D:4      | Reached XP level 6. HP: 17/51 MP: 5/5
  2854 | D:4      | Noticed Grinder
  2864 | D:3      | Reached skill level 9 in Polearms
  3037 | D:4      | Found a sparkling altar of Nemelex Xobeh.
  3188 | D:4      | Paralysed by Grinder for 2 turns
  3223 | D:4      | Paralysed by Grinder for 5 turns
  3245 | D:4      | Killed Grinder
  3246 | D:4      | Reached skill level 10 in Polearms
  3246 | D:4      | Reached XP level 7. HP: 57/57 MP: 6/6
  3510 | D:5      | Entered Level 5 of the Dungeon
  3737 | D:5      | Reached skill level 11 in Polearms
  3786 | D:5      | Reached XP level 8. HP: 58/67 MP: 7/7
  3943 | D:5      | Reached *** piety under Trog
  3954 | D:5      | Reached skill level 12 in Polearms
  4044 | D:5      | Reached skill level 5 in Fighting
  4167 | D:5      | Reached skill level 13 in Polearms
  4401 | D:6      | Reached skill level 5 in Armour
  4430 | D:6      | Reached skill level 14 in Polearms
  4485 | D:6      | Reached XP level 9. HP: 71/78 MP: 8/8
  4512 | D:6      | Noticed Eustachio
  4533 | D:6      | Killed Eustachio
  4620 | D:6      | Found an ancient bone altar of Kikubaaqudgha.
  5407 | D:7      | Reached **** piety under Trog
  5854 | D:8      | Noticed a +0 hand axe
  5855 | D:8      | Noticed a +0 dagger
  5861 | D:8      | Found a hide-covered altar of Uskayaw.
  5993 | D:8      | Noticed Erica
  6007 | D:8      | Killed Erica
  6008 | D:8      | Reached XP level 10. HP: 22/93 MP: 9/9
  6008 | D:8      | HP: 4/139 [centaur/arrow (8)]
  6126 | D:8      | Found a flagged portal.
  6133 | Bailey   | Entered a bailey
  6146 | Bailey   | Reached skill level 10 in Fighting
  6325 | Bailey   | Reached skill level 10 in Armour
  6390 | Bailey   | Noticed an orc knight
  6401 | Bailey   | Killed an orc knight
  6514 | Bailey   | Acquired the ring "Widghex" {rF+ Will+ Int+2 Slay+2}
  6520 | Bailey   | Gained mutation: Your system is resistant to poisons.
                  | (rPois) [potion of mutation]
  6521 | Bailey   | Lost mutation: Your system is resistant to poisons. (rPois)
                  | [potion of mutation]
  6521 | Bailey   | Gained mutation: You have a pair of large horns on your
                  | head. [potion of mutation]
  6521 | Bailey   | Lost mutation: You have a pair of large horns on your head.
                  | [potion of mutation]
  6522 | Bailey   | Gained mutation: Your body sometimes deteriorates upon
                  | taking damage. [potion of mutation]
  6522 | Bailey   | Gained mutation: Your flesh is cold resistant. (rC+)
                  | [potion of mutation]
  6523 | Bailey   | Lost mutation: Your body sometimes deteriorates upon taking
                  | damage. [potion of mutation]
  6523 | Bailey   | Lost mutation: Your flesh is cold resistant. (rC+) [potion
                  | of mutation]
  6523 | Bailey   | Gained mutation: Your spells are a little harder to cast,
                  | but a little more powerful. [potion of mutation]
  6523 | Bailey   | Gained mutation: Your mind is acute. (Int +4, Str/Dex -1)
                  | [potion of mutation]
  6523 | Bailey   | Gained mutation: You occasionally shout uncontrollably at
                  | your foes. [potion of mutation]
  6524 | Bailey   | Lost mutation: Your mind is acute. (Int +4, Str/Dex -1)
                  | [potion of mutation]
  6524 | Bailey   | Lost mutation: You occasionally shout uncontrollably at
                  | your foes. [potion of mutation]
  6524 | Bailey   | Gained mutation: You passively map a small area around you.
                  | [potion of mutation]
  6524 | Bailey   | Gained mutation: Your natural rate of healing is unusually
                  | fast. [potion of mutation]
  6961 | D:8      | Noticed a two-headed ogre
  6967 | D:8      | Killed a two-headed ogre
  6968 | D:8      | Reached skill level 15 in Polearms
  6982 | D:8      | Noticed a cyclops
  6991 | D:8      | Killed a cyclops
  7006 | D:8      | Noticed a sixfirhy
  7019 | D:8      | Noticed a centaur warrior
  7024 | D:8      | Killed a centaur warrior
  7025 | D:8      | Reached XP level 11. HP: 84/102 MP: 10/10
  7047 | D:8      | Noticed a seven-headed hydra
  7054 | D:8      | Killed a 12-headed hydra
  7055 | D:8      | Reached skill level 16 in Polearms
  7113 | D:8      | Noticed a brown ugly thing
  7124 | D:8      | Killed a brown ugly thing
  7328 | D:9      | Paralysed by a hornet for 2 turns
  7446 | D:9      | Identified the +6 long sword "Uluul" {vorpal, rPois}
  7543 | D:9      | Reached skill level 17 in Polearms
  7807 | D:10     | Entered Level 10 of the Dungeon
  8086 | D:10     | Noticed a boulder beetle
  8087 | D:10     | Noticed a two-headed ogre
  8173 | D:10     | Killed a two-headed ogre
  8185 | D:10     | Killed a boulder beetle
  8186 | D:10     | Reached skill level 5 in Dodging
  8286 | D:10     | Found a staircase to the Lair.
  8331 | D:10     | Noticed Snorg
  8344 | D:10     | Killed Snorg
  8345 | D:10     | Reached XP level 12. HP: 56/115 MP: 11/11
  8593 | D:10     | Found a basalt altar of Yredelemnul.
  8795 | D:11     | Noticed a boulder beetle
  8815 | D:11     | Killed a boulder beetle
  8816 | D:11     | Reached skill level 18 in Polearms
  8849 | D:11     | Noticed Erolcha
  8856 | D:11     | Killed Erolcha
  9016 | D:11     | Identified the +1 chain mail of Mordant Amelioration {rN+
                  | Int+3 Dex+4}
  9530 | D:12     | HP: 1/116 [enormous slime creature (66)]
  9531 | D:12     | Annihilated by an enormous slime creature

Illustrated notes

Levels and vault maps discovered:
D:1:      dpeg_arrival_signposts, layout_rooms,
          shapermc_ecumenical_altar_rom_forum, chequers_serial_rivers_micro_b,
          roderic_roman_lattice
D:2:      layout_loops_corners
D:3:      layout_loops_cross
D:4:      layout_loops_corners, nemelex_diamond_rough_becter,
          minmay_temple_entry_tees, supply_closet_lemuel, minmay_manual_mares,
          uniq_edmund, uniq_grinder
D:5:      layout_basic
D:6:      layout_loops_ring, marbit_many_paths, hangedman_minor_gate_pass,
          uniq_eustachio
D:7:      minmay_octagon_keep, layout_loops_ring
D:8:      layout_basic, dancing_weapons_uskayaw, enter_bailey_2,
          minmay_evil_grid, uniq_erica
D:9:      layout_cave_pools
D:10:     layout_layer_cave, mainiacjoe_overflow_alcove_4,
          grunt_lair_entry_orc_guard_hut, kennysheep_opposing_triangles,
          uniq_snorg
D:11:     layout_big_octagon, uniq_erolcha
D:12:     layout_loops_ring, david_orc_4,
          portal_ice_cave_entry_animals_and_master, serial_shops,
          nicolae_shop_advertising_works [nicolae_subvault_shop_adworks],
          uniq_rupert

Skill      XL: |  1  2  3  4  5  6  7  8  9 10 11 12 |
---------------+-------------------------------------+-----
Polearms       | 4 5 6 7 8 10 11 14 15 17 18 | 18.2
Fighting       | 4 6 9 11 13 | 13.6
Armour         | 3 5 9 11 12 13 | 13.4
Dodging        | 5 6 |  6.6

Action                   |  1- 3 |  4- 6 |  7- 9 | 10-12 || total
-------------------------+-------+-------+-------+-------++-------
Melee: Spear             |    68 |   168 |     8 |       ||   244
       Headbutt          |    10 |    21 |    36 |    74 ||   141
       Trident           |       |       |   213 |       ||   213
       Punch             |       |       |     4 |       ||     4
       Halberd           |       |       |    67 |   444 ||   511
Throw: Boomerang         |       |       |    20 |       ||    20
Invok: Berserk           |       |     4 |     2 |     6 ||    12
       Trog's Hand       |       |     5 |     1 |     9 ||    15
  Use: Scroll            |       |     6 |    16 |     4 ||    26
       Potion            |       |       |       |    12 ||    12
Armor: Animal skin       |     3 |       |       |       ||     3
       Chain mail        |    12 |    38 |   134 |    77 ||   261
       Scale mail        |     5 |       |       |       ||     5
       Troll leather arm |       |       |       |   119 ||   119
Dodge: Dodged            |    13 |    39 |    73 |   201 ||   326
